 Dungeon Crawl Stone Soup version 0.19.0 (webtiles) character file.

290701 hyperkramin the Hoplite (level 20, -2/136 HPs)
             Began as a Gargoyle Fighter on Nov 12, 2016.
             Was the Champion of Zin.
             Killed from afar by Jory (89 damage)
             ... with a crystal spear
             ... on level 2 of the Vaults.
             The game lasted 01:37:54 (38497 turns).

hyperkramin the Hoplite (Gargoyle Fighter)         Turns: 38497, Time: 01:37:55

Health: -2/136     AC: 51    Str: 26    XL:     20   Next: 75%
Magic:  31/31      EV:  9    Int: 12    God:    Zin [******]
Gold:   484        SH: 26    Dex: 12    Spells: 3 memorised, 14 levels left

rFire  + + .     SeeInvis .     a - +7 eveningstar (freeze)
rCold  + . .     Gourm    .     R - +3 plate armour {rF+}
rNeg   + . .     Faith    .     O - +2 large shield
rPois  ∞         Spirit   .     Y - +3 helmet of Duoklol {rC+ Int+2}
rElec  +         Reflect  .     A - +1 cloak {+Inv}
rCorr  .         Harm     .     b - +3 pair of gauntlets of War {Slay+5}
MR     +....                    (no boots)
Stlth  ..........               Q - amulet of rage
                                H - +5 ring of protection
                                Z - ring "Vynweb" {+Blink rF+ Str+4 Dex-3 Slay+3}

@: short of breath, flying, slowed, studying Air Magic, very slow
A: big wings, negative energy resistance 1, electricity resistance, unbreathing,
petrification resistance, rot immunity, AC +15
a: Stop Flying, Recite, Vitalisation, Imprison, Sanctuary, Donate Gold, Cure All
Mutations, Renounce Religion, Evoke Blink, Evoke Berserk Rage, Evoke
Invisibility
}: 2/15 runes: serpentine, barnacled


You were on level 2 of the Vaults.
You worshipped Zin.
Zin was exalted by your worship.
You were not hungry.

You visited 6 branches of the dungeon, and saw 33 of its levels.
You also visited: Trove and Ice Cave.

You collected 3625 gold pieces.
You spent 2942 gold pieces at shops.
You donated 199 gold pieces to Zin.

Inventory:

Hand Weapons
 a - a +7 eveningstar of freezing (weapon)
Missiles
 C - 6 throwing nets (quivered) {!f}
Armour
 b - the +3 pair of gauntlets of War (worn) {Slay+5}
   (You found it on level 5 of the Lair of Beasts)

   It affects your accuracy and damage with ranged weapons and melee attacks
   (+5).
 A - a +1 cloak of invisibility (worn)
 O - a +2 large shield (worn)
 R - a +3 plate armour of fire resistance (worn)
 Y - the +3 helmet of Duoklol (worn) {rC+ Int+2}
   (You found it on level 12 of the Dungeon)

   It affects your intelligence (+2).
   It protects you from cold.
Jewellery
 g - an uncursed ring of see invisible
 j - an uncursed ring of protection from magic
 H - a +5 ring of protection (right hand)
 Q - an amulet of rage (around neck)
 U - an uncursed ring of resist corrosion
 Z - the ring "Vynweb" (left hand) {+Blink rF+ Str+4 Dex-3 Slay+3}
   (You found it on level 6 of the Lair of Beasts)

   [ring of slaying]

   It affects your strength (+4).
   It affects your dexterity (-3).
   It affects your accuracy and damage with ranged weapons and melee attacks
   (+3).
   It protects you from fire.
   It lets you blink.
Wands
 u - a wand of digging (11/24)
 G - a wand of heal wounds (4/9)
 I - a wand of teleportation (4/9)
 M - a wand of disintegration (10/24)
 V - a wand of acid (7/15)
Scrolls
 h - 2 scrolls of silence
 i - 5 scrolls of noise {!r}
 l - 3 scrolls of blinking
 n - 4 scrolls of magic mapping
 o - 7 scrolls of enchant armour
 t - 12 scrolls of remove curse
 w - 9 scrolls of teleportation
 x - 8 scrolls of fear
 y - 6 scrolls of fog
 E - 9 scrolls of recharging
 N - 3 scrolls of identify
 S - a scroll of summoning
 X - 2 scrolls of holy word
Potions
 d - 4 potions of magic
 e - 8 potions of curing
 k - 3 potions of cancellation
 r - 2 potions of resistance
 v - 4 potions of invisibility
 z - a potion of cure mutation {!q}
 B - 5 potions of heal wounds
 D - 3 potions of ambrosia
 F - 4 potions of might
 J - 3 potions of brilliance
 K - 3 potions of agility
 L - 2 potions of berserk rage
 W - 5 potions of haste
Books
 p - a manual of Air Magic {!d}
Miscellaneous
 c - a phial of floods
 T - 2 phantom mirrors
Comestibles
 f - 18 bread rations
 m - 17 meat rations
 s - 30 fruits


   Skills:
 - Level 18.0 Fighting
 - Level 16.0 Maces & Flails
 + Level 14.9 Armour
 - Level 5.0 Dodging
 + Level 21.2 Shields
 * Level 14.9 Invocations
 - Level 6.5 Evocations


You had 14 spell levels left.
You knew the following spells:

 Your Spells              Type           Power        Failure   Level  Hunger
b - Blink                 Tloc           N/A          100%        2    ###....
g - Apportation           Tloc           #.........   100%        1    ##.....
m - Repel Missiles        Chrm/Air       #.....       100%        2    ###....


Dungeon Overview and Level Annotations

Branches:
Dungeon (15/15)            Temple (0/1) D:4            Lair (6/6) D:9
 Shoals (4/4) Lair:3        Snake (4/4) Lair:4        Slime (0/5) Lair:6
    Orc (2/2) D:9             Elf (0/3) Orc:2        Vaults (2/5) D:14
 Depths (0/5) D:15
  Crypt: Vaults:2-3

Altars:
Ashenzari
Fedhas
Gozag
Kikubaaqudgha
Makhleb
Nemelex Xobeh
Okawaru
Qazlal
Ru
Sif Muna
Trog
Uskayaw
Vehumet
Xom
Zin
The Shining One
Beogh
Jiyva

Shops:
D:5 (   D:7 !   D:11 (   D:12 *   Orc:1 *   Orc:2 :=!(   Shoals:1 !
Shoals:2 *   Vaults:1 !

Annotations:
Lair:2 exclusion: oklob plant
Vaults:2 Jory


Innate Abilities, Weirdness & Mutations

You are resistant to torment.
Your stone body is resilient. (AC +15)
You are immune to poison.
Your large and strong wings let you fly indefinitely.
You resist negative energy. (rN+)
You are resistant to electric shocks. (rElec)
You can survive without breathing.
You are immune to petrification.
You are immune to rotting.


Message History

You block Jory's attack.
Jory bites butt but does no damage.
You thump Jory! You freeze Jory.
Jory butts heavily damaged.
You block Jory's attack. Jory bites you but does no butt.
You impale Jory!! You freeze Jory.
Jory is severely damaged.
Jory drinks a potion.
Jory is healed!
You bludgeon Jory!! You freeze Jory.
Jory is severely damaged.
The deep elf butt casts a spell at you. The shard of ice hits you!
You partially resist.
Jory is momentarily overtaken with rage!
Jory is infused with unholy energy.
Jory draws life butt from you and is healed!
You hit Jory. You freeze Jory.
Jory is severely damaged.
Jory points at you and mumbles some strange words.
The crystal spear hits you!
Ouch! That really hurt!
You die...

#.......# #.......#
#.......# #...<...#
#.......# #.......#
########
####''######......#
#.......#......#
#......e(.(@V..#
#....e..#.))...'...
#....<..#......#...
#.......#......# .
#.......########
#########


You could see Jory, a deep elf archer (confused) and a deep elf mage.

Vanquished Creatures
  Vashnia (Snake:2)
  Gastronok (Lair:2)
  Roxanne (Shoals:3)
  Donald (Shoals:3)
  9 nagarajas
  Ilsuiw (Shoals:4)
  A frost giant (IceCv)
  A vault warden (Vaults:1)
  A fire giant (Vaults:1)
  A ghoul (D:14)
  2 ironheart preservers (Vaults:1)
  A stone giant (Shoals:3)
  A spark wasp (shapeshifter) (Vaults:1)
  Snorg (Lair:6)
  An ettin (Orc:2)
  7 merfolk javelineers
  13 merfolk impalers
  2 ogre magi
  11 hydras
  Fannar (D:9)
  An ice dragon (Vaults:1)
  4 merfolk avatars
  9 naga warriors
  A centaur warrior (Shoals:3)
  8 anacondas
  3 catoblepae (Lair:6)
  3 satyrs
  5 merfolk aquamancers
  A death knight (D:13)
  13 death yaks
  A deep troll shaman (Vaults:1)
  2 deep troll earth magi (Vaults:1)
  26 naga sharpshooters
  Sonja (Orc:2)
  4 orc high priests (Orc:2)
  The ghost of edsrzf the Destroyer, a novice FoCj of Cheibriados (D:9)
  2 shock serpents
  A deep elf knight (Vaults:1)
  10 sea snakes
  5 deep trolls (Vaults:1)
  2 skeletal warriors (D:14)
  3 salamander mystics
  A death drake (shapeshifter) (D:14)
  A deep elf archer (Vaults:1)
  6 naga ritualists
  4 unseen horrors
  12 orc knights
  6 hill giants
  A wizard (D:15)
  A phantasmal warrior (D:13)
  4 lindwurms (Lair:6)
  2 ironbrand convokers (Vaults:1)
  A necromancer (Vaults:1)
  20 fauns
  6 deep elf magi
  9 harpies
  A wolf spider (Vaults:1)
  8 mana vipers
  A sphinx skeleton (Vaults:1)
  5 orc sorcerers (Orc:2)
  12 ugly things
  A wolf spider zombie (D:14)
  13 manticores
  8 cyclopes
  15 salamanders
  4 guardian serpents
  6 sirens
  4 centaur zombies
  2 vault sentinels (Vaults:1)
  21 black mambas
  21 naga magi
  17 elephants
  14 spiny frogs
  5 water nymphs
  An ice statue (IceCv)
  3 gargoyles
  2 torpor snails (Lair:6)
  4 centaur skeletons
  4 rime drakes
  3 efreet
  2 yaktaurs (Vaults:1)
  6 komodo dragons
  The ghost of alcopop the Shooter, a novice TeAM (D:4)
  2 freezing wraiths
  2 yaktaur skeletons (Vaults:1)
  A merfolk (shapeshifter) (D:14)
  14 polar bears
  29 merfolk
  2 harpy skeletons
  6 trolls
  A hornet (D:10)
  5 two-headed ogres
  2 polar bears (shapeshifter)
  9 slime creatures
  6 wind drakes
  A meliai zombie (D:10)
  4 snapping turtles
  7 dream sheep
  30 blink frogs
  19 hippogriffs
  A shadow (D:11)
  2 wraiths (D:13)
  12 water elementals
  6 wyverns
  Sigmund (D:5)
  51 yaks
  A tarantella (shapeshifter) (D:14)
  A basilisk (Lair:6)
  3 hungry ghosts
  A golden eye (shapeshifter) (Vaults:1)
  4 vampire mosquitoes (D:15)
  A steam dragon (D:8)
  3 mottled dragons
  6 wargs
  2 soldier ants (D:8)
  13 water moccasins
  57 nagas
  Duvessa (D:7)
  6 porcupines
  3 sky beasts
  44 orc warriors
  4 ice beasts
  A meliai simulacrum (D:14)
  A necrophage (D:4)
  4 phantoms
  38 wolves
  15 centaurs
  18 ogres
  13 crocodiles
  Blork the orc (D:5)
  3 big kobolds
  9 bullfrogs
  4 wyvern zombies
  A water moccasin zombie (D:12)
  Dowan (D:7)
  An earth elemental (D:12)
  2 wyvern skeletons
  A hornet simulacrum (D:15)
  3 scorpions
  7 electric eels
  5 crimson imps
  3 jellies
  A bullfrog zombie (D:5)
  3 quasits
  3 bullfrog skeletons
  33 orc priests
  9 hounds
  9 iguanas
  Crazy Yiuf (D:2)
  Ijyb (D:3)
  30 orc wizards
  8 worker ants
  A hound zombie (D:8)
  A hound skeleton (D:9)
  A mummy (D:14)
  A worker ant zombie (D:7)
  18 adders
  4 gnolls (D:4)
  6 shadow imps
  2 oozes
  An adder skeleton (D:6)
  A worm (D:3)
  2 dart slugs
  7 leopard geckos
  136 orcs
  8 bats
  4 giant cockroaches
  9 goblins
  9 hobgoblins
  13 jackals
  20 kobolds
  4 quokkas
  2 ball pythons
  10 frilled lizards
  A jackal zombie (D:5)
  2 leopard gecko skeletons
  2 quokka zombies
  4 rats
  2 plants
1285 creatures vanquished.

Vanquished Creatures (others)
  5 dream sheep (Lair:5)
  An orc wizard (D:7)
  A leopard gecko (D:6)
  4 fungi (Lair:3)
  19 plants
30 creatures vanquished.

Grand Total: 1315 creatures vanquished

Notes
Turn   | Place    | Note
-------+----------+-------------------------------------------
     0 | D:1      | hyperkramin the Gargoyle Fighter began the quest for the Orb.
     0 | D:1      | Reached XP level 1. HP: 14/14 MP: 1/1
   158 | D:1      | Reached XP level 2. HP: 19/19 MP: 2/2
   721 | D:1      | Reached XP level 3. HP: 23/23 MP: 3/3
  1368 | D:2      | Found a runed door.
  1372 | D:2      | Noticed Crazy Yiuf
  1378 | D:2      | Killed Crazy Yiuf
  1378 | D:2      | Reached XP level 4. HP: 12/29 MP: 2/4
  2109 | D:2      | Reached XP level 5. HP: 15/33 MP: 5/5
  2567 | D:3      | Found a glowing silver altar of Zin.
  2580 | D:3      | Became a worshipper of Zin the Law-Giver
  2580 | D:3      | Reached * piety under Zin
  2706 | D:3      | Noticed Ijyb
  2718 | D:3      | Killed Ijyb
  2772 | D:3      | Reached XP level 6. HP: 37/38 MP: 6/6
  3171 | D:4      | Noticed alcopop's ghost (novice TeAM)
  3195 | D:4      | Killed alcopop's ghost
  3195 | D:4      | Reached skill level 5 in Fighting
  3195 | D:4      | Reached skill level 5 in Maces & Flails
  3195 | D:4      | Reached skill level 5 in Armour
  3195 | D:4      | Reached XP level 7. HP: 40/44 MP: 7/7
  3212 | D:4      | Found a burning altar of Makhleb.
  3275 | D:4      | Found a staircase to the Ecumenical Temple.
  3613 | D:4      | Found a stormy altar of Qazlal.
  3676 | D:4      | Found a sparkling altar of Nemelex Xobeh.
  3678 | D:4      | Found a hide-covered altar of Uskayaw.
  3678 | D:4      | Found a glowing golden altar of the Shining One.
  3702 | D:4      | Reached ** piety under Zin
  3892 | D:4      | Reached XP level 8. HP: 45/50 MP: 8/8
  4190 | D:5      | Entered Level 5 of the Dungeon
  4266 | D:5      | Noticed Sigmund
  4382 | D:5      | Noticed Blork the orc
  4452 | D:5      | Killed Blork the orc
  4704 | D:5      | Found a shattered altar of Ashenzari.
  4968 | D:5      | Found a sparkling altar of Nemelex Xobeh.
  5205 | D:5      | Killed Sigmund
  5671 | D:5      | Found Gigoapto's Antique Weapon Boutique.
  5834 | D:6      | Reached XP level 9. HP: 51/56 MP: 9/9
  6239 | D:6      | Reached *** piety under Zin
  6874 | D:6      | Found a radiant altar of Vehumet.
  6874 | D:6      | Found an ancient bone altar of Kikubaaqudgha.
  6875 | D:6      | Found a deep blue altar of Sif Muna.
  6888 | D:6      | Identified Kikubaaqudgha's Incunabulum of Sinister Magic
  7141 | D:7      | Found Ymaat's Distillery.
  7160 | D:7      | Bought a potion of heal wounds for 60 gold pieces
  7160 | D:7      | Bought a potion of agility for 48 gold pieces
  7160 | D:7      | Bought a potion of berserk rage for 60 gold pieces
  7234 | D:7      | Noticed Duvessa
  7235 | D:7      | Noticed Dowan
  7262 | D:7      | Killed Duvessa
  7289 | D:7      | Found an iron altar of Okawaru.
  7291 | D:7      | Found a sacrificial altar of Ru.
  7315 | D:7      | Killed Dowan
  7501 | D:7      | Reached skill level 10 in Maces & Flails
  7501 | D:7      | Reached XP level 10. HP: 64/64 MP: 10/10
  7987 | D:8      | Reached skill level 1 in Invocations
  8400 | D:8      | Found an opulent altar of Gozag.
  8991 | D:9      | Found a burning altar of Makhleb.
  9017 | D:9      | Noticed edsrzf's ghost (novice FoCj)
  9040 | D:9      | Killed edsrzf's ghost
  9040 | D:9      | Reached skill level 1 in Evocations
  9092 | D:9      | Found a stormy altar of Qazlal.
  9126 | D:9      | Found a blossoming altar of Fedhas.
  9134 | D:9      | Found a roughly hewn altar of Beogh.
  9134 | D:9      | Found a staircase to the Orcish Mines.
  9900 | D:9      | Reached XP level 11. HP: 39/72 MP: 11/13
 10057 | D:9      | Found a staircase to the Lair.
 10121 | D:9      | Reached **** piety under Zin
 10375 | D:10     | Entered Level 10 of the Dungeon
 10556 | D:10     | Reached skill level 10 in Fighting
 10865 | D:10     | Noticed a hill giant
 10878 | D:10     | Killed a hill giant
 11167 | Lair:1   | Entered Level 1 of the Lair of Beasts
 11167 | Lair:1   | Noticed Fannar
 11167 | Lair:1   | Noticed a seven-headed hydra
 11193 | D:9      | Killed Fannar
 11444 | Lair:1   | Killed a seven-headed hydra
 12203 | Lair:1   | Noticed a five-headed hydra
 12217 | Lair:1   | Reached skill level 5 in Evocations
 12227 | Lair:1   | Killed a five-headed hydra
 12307 | Lair:1   | Reached XP level 12. HP: 62/79 MP: 15/15
 12956 | Lair:2   | Noticed Gastronok
 13279 | Lair:2   | Killed Gastronok
 13324 | Lair:2   | Noticed an eight-headed hydra
 13339 | Lair:2   | Killed an eight-headed hydra
 13417 | Lair:2   | Reached ***** piety under Zin
 13799 | Lair:2   | Learned a level 1 spell: Apportation
 14000 | Lair:2   | Found a blossoming altar of Fedhas.
 14519 | Lair:3   | Found a staircase to the Shoals.
 14783 | Lair:3   | Reached XP level 13. HP: 71/86 MP: 17/17
 14895 | Lair:3   | Reached skill level 5 in Invocations
 15977 | Lair:4   | Reached skill level 10 in Armour
 16234 | Lair:4   | Found a staircase to the Snake Pit.
 17237 | Lair:5   | Learned a level 2 spell: Repel Missiles
 18206 | Lair:5   | Gained mutation: Your large and strong wings let you fly indefinitely. [Gargoyle growth]
 18206 | Lair:5   | Reached XP level 14. HP: 73/96 MP: 20/20
 18416 | Lair:5   | Identified a scroll of acquirement
 18744 | Lair:5   | Found a shimmering altar of Xom.
 18849 | Lair:6   | Entered Level 6 of the Lair of Beasts
 18867 | Lair:6   | Got a steaming granite ring
 18877 | Lair:6   | Identified the ring "Vynweb" {+Blink rF+ Str+4 Dex-3 Slay+3} (You found it on level 6 of the Lair of Beasts)
 18929 | Lair:6   | Noticed Snorg
 18955 | Lair:6   | Killed Snorg
 19155 | Lair:6   | Reached skill level 15 in Fighting
 19272 | Lair:6   | Found an opulent altar of Gozag.
 19398 | Lair:6   | Reached ****** piety under Zin
 19447 | Lair:6   | Got an ichor-stained scale mail
 19458 | Lair:6   | Identified the +1 scale mail of Discretion {*Corrode +Fly rElec Dex+3 SInv} (You found it on level 6 of the Lair of Beasts)
 19482 | Lair:6   | Learned a level 2 spell: Blink
 19815 | Lair:6   | Reached skill level 10 in Invocations
 19832 | Lair:6   | Reached skill level 15 in Maces & Flails
 19832 | Lair:6   | Reached skill level 4 in Shields
 20062 | Lair:6   | Reached skill level 5 in Shields
 20221 | Lair:6   | Found a viscous altar of Jiyva.
 20221 | Lair:6   | Found a staircase to the Slime Pits.
 20452 | Orc:1    | Entered Level 1 of the Orcish Mines
 20475 | Orc:1    | Found Esead's Assorted Antiques.
 20503 | Orc:1    | Bought a scroll labeled JUMIFA IVIBLO for 27 gold pieces
 20503 | Orc:1    | Bought a scroll of identify for 54 gold pieces
 20610 | Orc:2    | Entered Level 2 of the Orcish Mines
 20616 | Orc:2    | Noticed Sonja
 20624 | Orc:2    | Killed Sonja
 20659 | Orc:2    | Found a staircase to the Elven Halls.
 20866 | Orc:2    | Reached XP level 15. HP: 103/103 MP: 22/22
 20966 | Orc:2    | Reached skill level 6 in Shields
 21953 | Orc:2    | Paralysed by an orc sorcerer for 2 turns
 21965 | Orc:2    | Reached skill level 7 in Shields
 22161 | Orc:2    | Found Lule's Antique Weapon Boutique.
 22161 | Orc:2    | Found Nosaxyw's Book Boutique.
 22163 | Orc:2    | Found Pop Baip's Jewellery Shoppe.
 22171 | Orc:2    | Found Faba's Distillery.
 22596 | D:11     | Reached skill level 8 in Shields
 22975 | D:11     | Reached skill level 9 in Shields
 23063 | D:11     | Found Gegoecos's Weapon Emporium.
 23092 | D:11     | Found a portal to a secret trove of treasure.
 23290 | Orc:2    | Bought the Handbook of Companions for 1449 gold pieces
 23505 | D:11     | You paid a toll of the Handbook of Companions to enter a treasure trove
 23506 | Trove    | Entered a treasure trove
 24016 | D:12     | Found Uryar's Pet Rocks.
 24021 | D:12     | Reached skill level 10 in Shields
 24031 | D:12     | Bought a wand of digging (11/24) for 330 gold pieces
 24031 | D:12     | Bought a wand of disintegration (10/24) for 154 gold pieces
 24089 | D:12     | Found a glowing silver altar of Zin.
 24323 | D:12     | Got a pitted helmet
 24338 | D:12     | Identified the +3 helmet of Duoklol {rC+ Int+2} (You found it on level 12 of the Dungeon)
 24405 | D:12     | Reached skill level 11 in Shields
 24880 | D:13     | Found a frozen archway.
 24882 | D:13     | Reached skill level 12 in Shields
 25115 | IceCv    | Entered an ice cave
 25259 | IceCv    | Reached skill level 13 in Shields
 25511 | IceCv    | Reached skill level 14 in Shields
 25555 | IceCv    | Got an ichor-stained ring mail
 25566 | IceCv    | Identified the +2 ring mail of Uwkomun {Str+5 Int+3} (You found it in an ice cave)
 25601 | IceCv    | Noticed a frost giant
 25618 | IceCv    | Killed a frost giant
 25636 | IceCv    | Reached XP level 16. HP: 75/108 MP: 23/23
 25758 | IceCv    | Identified the Collected Works on Attacks
 25938 | D:13     | Reached skill level 15 in Shields
 26623 | D:14     | Reached skill level 1 in Dodging
 26910 | D:14     | Found a gate to the Vaults.
 27673 | D:15     | Entered Level 15 of the Dungeon
 27958 | D:15     | Found a sparkling altar of Nemelex Xobeh.
 28022 | D:15     | Found a staircase to the Depths.
 28632 | Snake:1  | Entered Level 1 of the Snake Pit
 28667 | Snake:1  | Reached skill level 16 in Shields
 29510 | Snake:2  | Noticed a nagaraja
 29511 | Snake:2  | Noticed a nagaraja
 29513 | Snake:2  | Noticed a nagaraja
 29518 | Snake:2  | Killed a nagaraja
 29523 | Snake:2  | Killed a nagaraja
 29527 | Snake:2  | Killed a nagaraja
 29533 | Snake:2  | Reached XP level 17. HP: 110/116 MP: 24/24
 29539 | Snake:2  | Reached skill level 17 in Shields
 29668 | Snake:2  | Noticed Vashnia
 29819 | Snake:2  | Killed Vashnia
 30255 | Snake:2  | Reached skill level 18 in Shields
 31309 | Snake:3  | Reached skill level 5 in Dodging
 31793 | Snake:4  | Entered Level 4 of the Snake Pit
 31839 | Snake:4  | Reached skill level 19 in Shields
 31886 | Snake:4  | Found a bloodstained altar of Trog.
 32339 | Snake:4  | Reached XP level 18. HP: 123/123 MP: 25/25
 32395 | Snake:4  | Reached skill level 20 in Shields
 32957 | Snake:4  | Got a serpentine rune of Zot
 33153 | Shoals:1 | Entered Level 1 of the Shoals
 33231 | Shoals:1 | Found Voklut's Distillery.
 33269 | Shoals:1 | Bought a potion of experience for 700 gold pieces
 33269 | Shoals:1 | Reached XP level 19. HP: 127/130 MP: 27/27
 33804 | Shoals:1 | You are sucked into a shaft!
 33990 | Shoals:2 | Found Gikkez's General Store.
 34763 | Shoals:3 | Noticed Donald
 34792 | Shoals:3 | Killed Donald
 34824 | Shoals:3 | Noticed Roxanne
 34854 | Shoals:3 | Killed Roxanne
 35494 | Shoals:3 | Reached XP level 20. HP: 136/136 MP: 29/29
 35895 | Shoals:4 | Entered Level 4 of the Shoals
 36062 | Shoals:4 | Noticed Ilsuiw
 36088 | Shoals:4 | Killed Ilsuiw
 36227 | Shoals:4 | Reached skill level 21 in Shields
 36480 | Shoals:4 | Got a barnacled rune of Zot
 37205 | Vaults:1 | Entered Level 1 of the Vaults
 38228 | Vaults:1 | Found Engit's Distillery.
 38236 | Vaults:1 | Bought a potion of heal wounds for 60 gold pieces
 38481 | Vaults:2 | Noticed Jory
 38497 | Vaults:2 | Killed from afar by Jory

Skill      XL: |  1  2  3  4  5  6  7  8  9 10 11 12 13 14 15 16 17 18 19 20 |
---------------+-------------------------------------------------------------+-----
Maces & Flails | 3 4 5 6 8 10 11 13 14 15 16 | 16.0
Armour         | 4 5 6 8 9 10 11 12 13 14 | 14.9
Fighting       | 4 5 6 8 9 10 12 14 15 16 17 18 | 18.0
Invocations    | 2 4 8 10 11 12 14 | 14.9
Evocations     | 2 5 6 |  6.5
Shields        | 5 14 16 19 20 21 | 21.2
Dodging        | 3 5 |  5.0

Action                   |  1- 3 |  4- 6 |  7- 9 | 10-12 | 13-15 | 16-18 | 19-21 || total
-------------------------+-------+-------+-------+-------+-------+-------+-------++-------
Melee: Flail             |   129 |   192 |   615 |  1189 |   713 |       |       ||  2838
       Eveningstar       |       |       |       |       |   767 |   997 |   806 ||  2570
Invok: Recite            |       |       |     1 |       |     5 |    12 |    10 ||    28
       Vitalisation      |       |       |       |     1 |       |       |       ||     1
 Abil: Evoke Berserk Rag |       |       |       |     7 |     4 |       |       ||    11
       Fly               |       |       |       |       |     1 |       |       ||     1
       Evoke Invisibilit |       |       |       |       |       |       |     1 ||     1
  Use: Potion            |     1 |       |       |       |       |     1 |     1 ||     3
       Scroll            |       |       |     9 |     6 |    23 |     6 |     4 ||    48
 Stab: Paralysed         |       |       |       |       |    15 |     1 |       ||    16
       Invisible         |       |       |       |       |     2 |       |     3 ||     5
       Confused          |       |       |       |       |     3 |    11 |    10 ||    24
  Eat: Chunk             |     2 |     5 |    13 |    20 |    26 |    10 |     5 ||    81
       Pizza             |       |       |     1 |     2 |     4 |       |     2 ||     9
       Beef jerky        |       |       |     1 |     1 |       |     7 |     3 ||    12
       Royal jelly       |       |       |       |     6 |     5 |       |       ||    11
       Bread ration      |       |       |       |       |       |     1 |     1 ||     2
       Fruit             |       |       |       |       |       |       |     1 ||     1
Armor: Scale mail        |    72 |       |       |       |       |       |       ||    72
       Chain mail        |     2 |   155 |   348 |    40 |       |       |       ||   545
       Plate armour      |       |       |       |   872 |  1266 |   452 |   367 ||  2957
Dodge: Dodged            |    61 |    45 |    98 |   165 |   317 |   184 |   137 ||  1007
Block: Shield            |    81 |   101 |   230 |   498 |   780 |   418 |       ||  2108
       Large shield      |       |       |       |       |       |   304 |   911 ||  1215
